 Dungeon Crawl Stone Soup version 0.31-a0-986-g5e6e4ef867 (webtiles) character file.

Game seed: 12507365003145991114

10235 jlumianski the Grappler (level 11, -1/75 HPs)
             Began as a Gnoll Shapeshifter on Nov 7, 2023.
             Was a Priest of Hepliaklqana.
             Slain by a troll (7 damage)
             ... on level 11 of the Dungeon.
             The game lasted 00:46:35 (11474 turns).

jlumianski the Grappler (Gnoll Shapeshifter)       Turns: 11474, Time: 00:46:36

Health: -1/75      AC:  4    Str: 15    XL:     11   Next: 58%
Magic:  20/20      EV: 20    Int: 16    God:    Hepliaklqana [***...]
Gold:   471        SH:  0    Dex: 14    Spells: 20/23 levels left

rFire   . . .        v - +7 Throatcutter {drain, coup de grace}
rCold   . . .        (no shield)
rNeg    . . .        q - +1 leather armour {rPois}
rPois   +            (helmet currently unavailable)
rElec   .            (cloak currently unavailable)
rCorr   .            (gloves currently unavailable)
SInv    .            (boots currently unavailable)
Will    .....        (no amulet)
Stlth   +++          k - +5 ring of evasion
HPRegen 0.32/turn    K - +6 ring of intelligence
MPRegen 0.17/turn

%: no passive effects
@: beast-form
A: beast (slay +4), reduced essence, fangs 1, strong nose, distributed training
a: Begin Untransformation, Renounce Religion, Recall Ancestor, Ancestor
Identity, Transference


You were on level 11 of the Dungeon.
You worshipped Hepliaklqana.
Hepliaklqana was most pleased with you.
You were a hulking beast.
You visited 2 branches of the dungeon, and saw 13 of its levels.
You also visited: Sewer.

You collected 471 gold pieces.

Inventory:

Hand Weapons
 h - a +3 sling of freezing
 o - a +0 quarterstaff of pain
 v - the +7 Throatcutter (weapon) {drain, coup de grace}
   (You found it on level 3 of the Dungeon)
 D - a +2 quarterstaff of chaos
Missiles
 i - 3 darts of dispersal
 u - 9 poisoned darts (quivered)
 x - a throwing net
 L - a curare-tipped dart
 N - 12 boomerangs
Armour
 a - a +2 helmet
 q - a +1 leather armour of poison resistance (worn)
 E - a +0 cloak
 F - a +0 helmet
 J - a +2 robe of fire resistance
 P - a +0 pair of boots
 V - a +1 ring mail of fire resistance
Magical Staves
 e - a staff of poison
Jewellery
 k - a +5 ring of evasion (left hand)
 n - a ring of poison resistance
 K - a +6 ring of intelligence (right hand)
 M - a ring of protection from fire
Talismans
 c - a beast talisman
 d - a flux talisman
 j - a dragon-blood talisman
Wands
 m - a wand of mindburst (9)
 R - a wand of roots (6)
Scrolls
 f - 8 scrolls of teleportation
 l - a scroll of vulnerability
 p - 2 scrolls of summoning
 r - 2 scrolls of fog
 z - a scroll of revelation
 I - 2 scrolls of poison
 O - 3 scrolls of identify
Potions
 b - a potion of lignification
 g - a potion of attraction
 A - a potion of magic
 C - 3 potions of heal wounds
 Q - a potion of ambrosia
 U - a potion of might
 Y - 2 potions of curing


   Skills:
 + Level 7.1 Fighting
 + Level 6.5 Short Blades
 + Level 6.5 Long Blades
 + Level 6.5 Axes
 + Level 6.5 Maces & Flails
 + Level 6.5 Polearms
 + Level 6.5 Staves
 + Level 6.5 Ranged Weapons
 + Level 6.5 Throwing
 + Level 6.5 Armour
 + Level 8.1 Dodging
 + Level 6.5 Stealth
 + Level 6.5 Shields
 + Level 9.3 Unarmed Combat
 + Level 6.5 Spellcasting
 + Level 5.4 Conjurations
 + Level 5.4 Hexes
 + Level 5.4 Summonings
 + Level 5.4 Necromancy
 + Level 5.4 Translocations
 + Level 5.4 Transmutations
 + Level 5.4 Fire Magic
 + Level 5.4 Ice Magic
 + Level 5.4 Air Magic
 + Level 5.4 Earth Magic
 + Level 5.4 Poison Magic
 + Level 7.2 Invocations
 + Level 6.5 Evocations
 + Level 9.0 Shapeshifting


You had 20 spell levels left.
You knew the following spells:

 Your Spells              Type           Power      Damage    Failure   Level
a - Dazzling Flash        Conj/Hex       44%        N/A       4%          3

Your spell library contained the following spells:

 Spells                   Type           Power      Damage    Failure   Level
 Leda's Liquefaction      Hex/Erth       11%        N/A       16%         4
 Agony                    Necr           22%        N/A       41%         5
 Lee's Rapid Deconstruct  Erth           11%        3d8*      41%         5
 Silence                  Hex/Air        11%        N/A       41%         5
 Bombard                  Conj/Erth      11%        9d3       94%         6


Dungeon Overview and Level Annotations

Branches:
Dungeon (12/15)            Temple (1/1) D:5            Lair (0/5) D:9
    Orc (0/2) D:9           Sewer (visited)

Altars:
Ashenzari
Cheibriados
Dithmenos
Elyvilon
Fedhas
Gozag
Hepliaklqana
Kikubaaqudgha
Makhleb
Nemelex Xobeh
Okawaru
Qazlal
Ru
Sif Muna
Trog
Uskayaw
Vehumet
Wu Jian
Xom
Yredelemnul
Zin
The Shining One


Innate Abilities, Weirdness & Mutations

You are a hulking beast.
Your limbs bulge with bestial killing power. (Slay +4)
Your life essence is reduced to manifest your ancestor. (-10% HP)
You have very sharp teeth.
Your uncanny sense of smell can sniff out nearby items.
Your experience applies equally to all skills.


Message History

You open the door.
There is an open door here.
You swap places.
There is an open door here.
There is an open door here.
There is an open door here.
There is a stone staircase leading up here.
You climb upwards.
There is a stone staircase leading down here.
A troll comes into view.
Found 18 gold pieces.
The troll shouts!
The troll bites you. The troll misses you. The troll completely misses you.
You slash the troll!
The troll is moderately wounded.
The troll completely misses you. The troll misses you. The troll claws you!
You completely miss the troll.
The troll is moderately wounded.
The troll misses you. The troll completely misses you. The troll claws you!
You closely miss the troll.
The troll is moderately wounded.
The troll completely misses you. The troll claws you! The troll claws you.
You hit the troll. You drain the troll.
The troll is moderately wounded.
The troll bites you but does no damage. The troll closely misses you.
The troll claws you! The troll completely misses you.
The troll closely misses you. The troll misses you.
You hit the troll.
The troll is moderately wounded.
The troll misses you. x3
You swap places.
Something closely misses Gaius.
Something claws Gaius. x2
You swap places.
The troll bites you!
* * * LOW HITPOINT WARNING * * *
The troll closely misses you. The troll claws you but does no damage.
You closely miss the troll.
The troll is moderately wounded.
The troll bites you!
* * * LOW HITPOINT WARNING * * *
The troll closely misses you. The troll claws you!
You die...

######..#####.######.
.....................
.###........#.#......
#..#.............#
#...#....#.#....#.
##########.######
#..#.$##.##
#T#####R###.#
##hR####...#
###.##.#### ##..##
#### ∆ ∆


You could see the friendly Gaius the battlemage and a troll (drained, ally
target).

Vanquished Creatures
  A two-headed ogre (D:10)
  Joseph (D:6)
  A gargoyle (D:8)
  A komodo dragon (D:9)
  Prince Ribbit (D:5)
  A hornet (D:8)
  A wraith (D:12)
  11 yaks
  4 wyverns
  A steam dragon (D:6)
  4 water moccasins
  An acid dragon (D:10)
  Duvessa (D:6)
  A black bear (D:6)
  An ice beast (D:6)
  8 orc warriors
  2 sky beasts
  An ogre (D:6)
  4 centaurs
  4 kobold brigands
  A bullfrog (D:9)
  2 gnoll sergeants (D:8)
  2 scorpions (D:3)
  Dowan (D:6)
  9 wights
  2 killer bees (D:9)
  9 howler monkeys
  3 hounds
  A jelly (D:4)
  Crazy Yiuf (D:4)
  10 orc priests
  2 gnoll boudas
  3 iguanas (D:5)
  5 orc wizards
  13 gnolls
  8 adders
  A river rat (Sewer)
  2 ufetubi (D:6)
  A worm (D:5)
  2 dart slugs
  49 orcs
  8 ball pythons
  5 bats
  4 endoplasms
  2 giant cockroaches
  7 goblins
  3 hobgoblins
  3 jackals (D:2)
  4 quokkas
  9 frilled lizards
  20 kobolds
  8 rats
250 creatures vanquished.

Vanquished Creatures (collateral kills)
  3 yaks
  A water moccasin (D:9)
  4 wights
  3 killer bees (D:9)
  3 howler monkeys
  An orc priest (D:9)
  A jelly (D:7)
  An iguana (D:9)
  2 orc wizards
  4 gnolls (D:8)
  A white imp (D:7)
  14 orcs
  A kobold (D:9)
39 creatures vanquished.

Vanquished Creatures (others)
  5 battlemagi
  An ancestor (D:7)
6 creatures vanquished.

Grand Total: 295 creatures vanquished

Notes
Turn   | Place    | Note
-------+----------+-------------------------------------------
     0 | D:1      | jlumianski the Gnoll Shapeshifter began the quest for the
                  | Orb.
     0 | D:1      | Reached XP level 1. HP: 17/17 MP: 1/1
   236 | D:1      | Reached XP level 2. HP: 17/23 MP: 2/2
   717 | D:1      | Found a faded altar of an unknown god.
   978 | D:1      | Reached XP level 3. HP: 28/28 MP: 3/3
  1186 | D:2      | Reached skill level 1 in Short Blades
  1186 | D:2      | Reached skill level 1 in Long Blades
  1186 | D:2      | Reached skill level 1 in Axes
  1186 | D:2      | Reached skill level 1 in Maces & Flails
  1186 | D:2      | Reached skill level 1 in Polearms
  1186 | D:2      | Reached skill level 1 in Staves
  1186 | D:2      | Reached skill level 1 in Ranged Weapons
  1186 | D:2      | Reached skill level 1 in Throwing
  1186 | D:2      | Reached skill level 1 in Armour
  1186 | D:2      | Reached skill level 1 in Stealth
  1186 | D:2      | Reached skill level 1 in Shields
  1186 | D:2      | Reached skill level 1 in Spellcasting
  1186 | D:2      | Reached skill level 1 in Invocations
  1186 | D:2      | Reached skill level 1 in Evocations
  1186 | D:2      | Reached XP level 4. HP: 29/34 MP: 5/5
  1875 | D:4      | Noticed a scorpion
  1875 | D:4      | Noticed a scorpion
  1884 | D:3      | Killed a scorpion
  1885 | D:3      | Reached skill level 1 in Conjurations
  1885 | D:3      | Reached skill level 1 in Hexes
  1885 | D:3      | Reached skill level 1 in Summonings
  1885 | D:3      | Reached skill level 1 in Necromancy
  1885 | D:3      | Reached skill level 1 in Translocations
  1885 | D:3      | Reached skill level 1 in Transmutations
  1885 | D:3      | Reached skill level 1 in Fire Magic
  1885 | D:3      | Reached skill level 1 in Ice Magic
  1885 | D:3      | Reached skill level 1 in Air Magic
  1885 | D:3      | Reached skill level 1 in Earth Magic
  1885 | D:3      | Reached skill level 1 in Poison Magic
  1885 | D:3      | Reached XP level 5. HP: 40/40 MP: 5/7
  2101 | D:3      | Found the +7 Throatcutter {drain, coup de grace}
  2101 | D:3      | Noticed a kobold brigand
  2118 | D:3      | Killed a kobold brigand
  2119 | D:3      | Reached XP level 6. HP: 34/47 MP: 8/8
  2312 | D:3      | Reached skill level 5 in Dodging
  2683 | D:5      | Entered Level 5 of the Dungeon
  2689 | D:5      | Noticed Prince Ribbit
  2704 | D:5      | Killed Prince Ribbit
  2705 | D:5      | Reached XP level 7. HP: 18/52 MP: 10/10
  2884 | D:5      | Found a glowing drain.
  2901 | Sewer    | Entered a sewer
  3323 | D:5      | HP: 2/53 [gnoll/+0 spear[a gnoll bouda] (5)]
  3630 | D:5      | Found a staircase to the Ecumenical Temple.
  3646 | D:5      | Reached XP level 8. HP: 46/60 MP: 12/12
  3667 | Temple   | Entered the Ecumenical Temple
  3696 | Temple   | Became a worshipper of Hepliaklqana the Forgotten
  3847 | D:4      | Found a runed translucent door.
  3848 | D:4      | Noticed Crazy Yiuf
  3855 | D:4      | Killed Crazy Yiuf
  4940 | D:6      | Noticed Duvessa
  4942 | D:6      | Noticed Dowan
  4950 | D:6      | Killed Duvessa
  4951 | D:6      | Killed Dowan
  4974 | D:7      | Noticed Joseph
  5044 | D:6      | Reached XP level 9. HP: 48/66 MP: 14/14
  5105 | D:6      | Reached * piety under Hepliaklqana
  5108 | D:6      | Found a shimmering blue altar of Sif Muna.
  5601 | D:6      | Reached skill level 5 in Fighting
  5848 | D:7      | HP: 3/61 [centaur/arrow (4)]
  5848 | D:7      | HP: 1/61 [centaur/arrow (2)]
  6132 | D:6      | Reached skill level 5 in Invocations
  6552 | D:7      | HP: 1/61 [Joseph/sling bullet (3)]
  6756 | D:6      | Killed Joseph
  6757 | D:6      | Reached XP level 10. HP: 30/67 MP: 17/17
  7138 | D:7      | Found a radiant altar of Vehumet.
  7141 | D:7      | Reached ** piety under Hepliaklqana
  7142 | D:7      | Remembered your ancestor Gaius as a battlemage
  7303 | D:7      | Reached skill level 5 in Short Blades
  7303 | D:7      | Reached skill level 5 in Long Blades
  7303 | D:7      | Reached skill level 5 in Axes
  7303 | D:7      | Reached skill level 5 in Maces & Flails
  7303 | D:7      | Reached skill level 5 in Polearms
  7303 | D:7      | Reached skill level 5 in Staves
  7303 | D:7      | Reached skill level 5 in Ranged Weapons
  7303 | D:7      | Reached skill level 5 in Throwing
  7303 | D:7      | Reached skill level 5 in Armour
  7303 | D:7      | Reached skill level 5 in Stealth
  7303 | D:7      | Reached skill level 5 in Shields
  7303 | D:7      | Reached skill level 5 in Spellcasting
  7303 | D:7      | Reached skill level 5 in Evocations
  7390 | D:7      | Found a shimmering altar of Xom.
  7390 | D:7      | Found an ornate altar of the Wu Jian Council.
  7446 | D:8      | Noticed a gargoyle
  7450 | D:8      | Killed a gargoyle
  8885 | D:10     | Entered Level 10 of the Dungeon
  9644 | D:9      | Reached XP level 11. HP: 65/74 MP: 19/19
  9898 | D:9      | Found a staircase to the Orcish Mines.
  9937 | D:9      | Reached skill level 5 in Conjurations
  9937 | D:9      | Reached skill level 5 in Hexes
  9937 | D:9      | Reached skill level 5 in Summonings
  9937 | D:9      | Reached skill level 5 in Necromancy
  9937 | D:9      | Reached skill level 5 in Translocations
  9937 | D:9      | Reached skill level 5 in Transmutations
  9937 | D:9      | Reached skill level 5 in Fire Magic
  9937 | D:9      | Reached skill level 5 in Ice Magic
  9937 | D:9      | Reached skill level 5 in Air Magic
  9937 | D:9      | Reached skill level 5 in Earth Magic
  9937 | D:9      | Reached skill level 5 in Poison Magic
  9985 | D:9      | Learned a level 3 spell: Dazzling Flash
 10050 | D:9      | Found a staircase to the Lair.
 10377 | D:10     | Found a basalt altar of Yredelemnul.
 10431 | D:10     | Reached *** piety under Hepliaklqana
 10514 | D:10     | Noticed a two-headed ogre
 10521 | D:10     | Killed a two-headed ogre
 10934 | D:11     | Identified the "Goeny"
 11178 | D:10     | Found a blossoming altar of Fedhas.
 11474 | D:11     | Slain by a troll

Illustrated notes

Levels and vault maps discovered:
D:1:      mrwooster_arrival_statue_2, layout_basic,
          shapermc_ecumenical_altar_mp_urbaneastern
D:2:      layout_basic
D:3:      layout_loops_ring, dilly_guarded_unrand_throatcut
D:4:      layout_cave_pods, kennysheep_nub, uniq_crazy_yiuf_cottage
D:5:      kennysheep_six_static_rooms, layout_basic,
          minmay_temple_entry_large_hall, cheibrodos_sewer_entry_drain,
          uniq_prince_ribbit1
D:6:      layout_loops_cross, lemuel_round_altar, uniq_duvessa
D:7:      layout_cave_pools, amethyst_overflow_temple_binary,
          overflow_temple_1_default, minmay_starry_boxes, uniq_joseph
D:8:      layout_rooms
D:9:      layout_basic, minmay_lair_entry_grove, david_orc_5
D:10:     layout_basic, mainiacjoe_overflow_chevrons,
          fedhas_bush_and_centaur_altar
D:11:     wad_river_or_something, layout_loops_ring
D:12:     kennysheep_snake, layout_stronghold
Temple:   eino_temple_scatter_basement

Skill      XL: |  1  2  3  4  5  6  7  8  9 10 11 |
---------------+----------------------------------+-----
Short Blades   | 1 2 3 4 5 6 |  6.5
Long Blades    | 1 2 3 4 5 6 |  6.5
Axes           | 1 2 3 4 5 6 |  6.5
Maces & Flails | 1 2 3 4 5 6 |  6.5
Polearms       | 1 2 3 4 5 6 |  6.5
Staves         | 1 2 3 4 5 6 |  6.5
Ranged Weapons | 1 2 3 4 5 6 |  6.5
Throwing       | 1 2 3 4 5 6 |  6.5
Armour         | 1 2 3 4 5 6 |  6.5
Stealth        | 1 2 3 4 5 6 |  6.5
Shields        | 1 2 3 4 5 6 |  6.5
Spellcasting   | 1 2 3 4 5 6 |  6.5
Invocations    | 1 2 3 4 5 6 7 |  7.2
Evocations     | 1 2 3 4 5 6 |  6.5
Conjurations   | 1 2 3 4 5 |  5.4
Hexes          | 1 2 3 4 5 |  5.4
Summonings     | 1 2 3 4 5 |  5.4
Necromancy     | 1 2 3 4 5 |  5.4
Translocations | 1 2 3 4 5 |  5.4
Transmutations | 1 2 3 4 5 |  5.4
Fire Magic     | 1 2 3 4 5 |  5.4
Ice Magic      | 1 2 3 4 5 |  5.4
Air Magic      | 1 2 3 4 5 |  5.4
Earth Magic    | 1 2 3 4 5 |  5.4
Poison Magic   | 1 2 3 4 5 |  5.4
Fighting       | 3 4 5 6 7 |  7.1
Dodging        | 5 6 7 8 |  8.1
Unarmed Combat | 7 8 9 |  9.3
Shapeshifting  | 7 8 9 |  9.0

Action                     |  1- 3 |  4- 6 |  7- 9 | 10-12 || total
---------------------------+-------+-------+-------+-------++-------
  Melee: Unarmed           |    48 |    48 |       |       ||    96
         Bite              |     3 |     2 |    16 |    15 ||    36
         Punch             |     2 |     3 |     7 |    13 ||    25
         Long sword        |       |    28 |   210 |   166 ||   404
  Throw: Dart              |       |       |     4 |     5 ||     9
 Invoke: Recall Ancestor   |       |       |     2 |     6 ||     8
         Ancestor Life: Ba |       |       |       |     1 ||     1
         Ancestor Identity |       |       |       |     1 ||     1
  Evoke: Wand              |       |       |       |     1 ||     1
    Use: Scroll            |       |     2 |    13 |     5 ||    20
         Potion            |       |       |     5 |       ||     5
   Stab: Distracted        |       |       |       |     2 ||     2
 Armour: Animal skin       |    14 |       |       |       ||    14
         Ring mail         |     8 |     6 |       |       ||    14
         Chain mail        |       |    39 |   174 |   103 ||   316
         Leather armour    |       |       |       |    20 ||    20
  Dodge: Dodged            |    41 |    40 |   212 |   167 ||   460

Table legend: (Time is in decaauts)
 A = Elapsed time spent in this place.
 B = Non-inter-level travel time spent in this place.
 C = Inter-level travel time spent in this place.
 D = Time resting spent in this place.
 E = Time spent auto-exploring this place.
 F = Levels seen in this place.
 G = Mean time per level.
                   A        B        C        D        E       F      G
               +--------+--------+--------+--------+--------+-----+--------+
         Total |  11638 |  11362 |    276 |   2504 |   5141 |  14 |  831.3 |
       Dungeon |  11267 |  10991 |    276 |   2504 |   5059 |  12 |  938.9 |
        Temple |     53 |     53 |      0 |      0 |      0 |   1 |   53.0 |
         Sewer |    317 |    317 |      0 |      0 |     81 |   1 |  317.0 |
               +--------+--------+--------+--------+--------+-----+--------+

Top non-repeatable levels by time:
     D:6: 2199 daAuts
    D:10: 1463 daAuts
     D:9: 1389 daAuts
     D:5: 1190 daAuts
     D:4: 1039 daAuts
     D:1: 857 daAuts
     D:3: 810 daAuts
     D:8: 806 daAuts
     D:2: 646 daAuts
     D:7: 612 daAuts
   Sewer: 317 daAuts
    D:12: 134 daAuts
    D:11: 117 daAuts
  Temple: 53 daAuts
